 Dungeon Crawl Stone Soup version 0.25.1-2-g60ff931df9 (webtiles) character file.

Game seed: 6549254904178897186

14907 gruber the Tortoise (level 11, -9/104 HPs)
             Began as a Minotaur Gladiator on Aug 18, 2020.
             Was an Elder of Makhleb.
             Mangled by a white ugly thing (14 damage)
             ... in an ice cave.
             The game lasted 00:16:00 (11595 turns).

gruber the Tortoise (Minotaur Gladiator)           Turns: 11595, Time: 00:16:00

Health: -9/104     AC: 15    Str: 22    XL:     11   Next: 94%
Magic:  10/10      EV: 17    Int:  5    God:    Makhleb [****..]
Gold:   698        SH:  0    Dex: 12    Spells: 10/10 levels left

rFire    . . .     SeeInvis .   y - +2 hand axe (elec)
rCold    + . .     Gourm    .   (no shield)
rNeg     . . .     Faith    .   D - +3 leather armour {rPois}
rPois    +         Spirit   .   c - +0 hat
rElec    .         Reflect  .   i - +2 cloak
rCorr    .         Harm     .   (no gloves)
MR       +....                  n - +2 pair of boots
Stlth    +.........             w - amulet of regeneration
HPRegen  0.67/turn              C - ring of protection from cold
MPRegen  0.12/turn              b - ring of protection from magic

@: hasted, very quick
A: retaliatory headbutt, horns 2
a: Minor Destruction, Lesser Servant of Makhleb, Major Destruction, Renounce
Religion


You were in an ice cave.
You worshipped Makhleb.
Makhleb was greatly pleased with you.
You were hungry.

You visited 2 branches of the dungeon, and saw 13 of its levels.
You also visited: Ossuary and Ice Cave.

You collected 753 gold pieces.
You spent 55 gold pieces at shops.

Inventory:

Hand Weapons
 y - a +2 hand axe of electrocution (weapon)
 E - a +1 rapier of electrocution
 O - a +5 spear of venom
Missiles
 d - 5 throwing nets (quivered)
 r - 57 poisoned darts
Armour
 c - a +0 hat (worn)
 i - a +2 cloak (worn)
 n - a +2 pair of boots (worn)
 D - a +3 leather armour of poison resistance (worn)
Jewellery
 b - a ring of protection from magic (right hand)
 w - an amulet of regeneration (around neck)
 C - a ring of protection from cold (left hand)
 G - an uncursed ring of poison resistance
 J - a cursed amulet of inaccuracy {unknown}
 Q - a +4 ring of evasion {unknown}
Wands
 a - a wand of random effects (14)
 A - a wand of paralysis (8)
 N - a wand of iceblast (7)
 T - a wand of disintegration (16)
Scrolls
 j - 10 scrolls of remove curse
 k - 6 scrolls of amnesia {unknown}
 l - 2 scrolls of fog {unknown}
 m - a scroll of blinking {unknown}
 o - 4 scrolls of enchant armour {unknown}
 p - a scroll of enchant weapon {unknown}
 q - 10 scrolls of teleportation
 s - 3 scrolls of immolation {unknown}
 u - 13 scrolls of identify
 K - 3 scrolls of fear {unknown}
 P - 2 scrolls of noise {unknown}
 R - 2 scrolls of torment {unknown}
 S - a scroll of acquirement {unknown}
 U - 2 scrolls of magic mapping {unknown}
Potions
 e - 2 potions of haste
 g - 7 potions of curing
 h - 2 potions of might {unknown}
 t - 3 potions of lignification {unknown}
 v - a potion of ambrosia {unknown}
 x - 3 potions of mutation {unknown}
 z - 2 potions of resistance {unknown}
 B - 2 potions of stabbing {unknown}
 F - 2 potions of flight {unknown}
 H - 2 potions of heal wounds {unknown}
 L - 3 potions of berserk rage {unknown}
 M - 12 potions of degeneration
Comestibles
 f - 23 rations


   Skills:
 - Level 12.0 Fighting
 - Level 2.1 Short Blades
 - Level 5.1(5.7) Polearms
   Level 3.6(4.9) Staves
 - Level 2.0 Throwing
 * Level 15.2 Armour
 - Level 10.0 Dodging


You had 10 spell levels left.
You didn't know any spells.
Your spell library contained the following spells:

 Spells                   Type           Power        Failure   Level  Hunger
 Animate Skeleton         Necr           N/A          52%         1    ##.....
 Apportation              Tloc           #.....       52%         1    ##.....
 Corona                   Hex            #......      52%         1    ##.....
 Summon Small Mammal      Summ           #...         52%         1    ##.....
 Blink                    Tloc           N/A          65%         2    ###....
 Ensorcelled Hibernation  Hex/Ice        #.....       65%         2    ###....
 Shroud of Golubria       Chrm/Tloc      #.....       65%         2    ###....
 Confusing Touch          Hex            #.......     87%         3    ####...
 Dazzling Flash           Conj/Hex       #.....       87%         3    ####...
 Gell's Gravitas          Tloc           #.........   87%         3    ####...
 Lesser Beckoning         Tloc           #.........   87%         3    ####...
 Teleport Other           Tloc           #.......     87%         3    ####...
 Tukima's Dance           Hex            #.......     87%         3    ####...
 Passage of Golubria      Tloc           N/A          99%         4    #####..
 Petrify                  Tmut/Erth      #.......     99%         4    #####..
 Metabolic Englaciation   Hex/Ice        #.........   100%        5    ######.
 Yara's Violent Unravell  Hex/Tmut       #.........   100%        5    ######.


Dungeon Overview and Level Annotations

Branches:
Dungeon (12/15)            Temple (1/1) D:6            Lair (0/6) D:11
    Orc (0/2) D:9         Ossuary (visited)           IceCv (1/1)

Altars:
Ashenzari
Cheibriados
Dithmenos
Elyvilon
Fedhas
Gozag
Hepliaklqana
Kikubaaqudgha
Makhleb
Nemelex Xobeh
Okawaru
Qazlal
Ru
Sif Muna
Trog
Uskayaw
Vehumet
Wu Jian
Xom
Yredelemnul
Zin
The Shining One

Shops:
D:6 ?   D:9 (

Annotations:
D:4 2 transporters IceCv 1 transporter, exclusion: 2 ice statues


Innate Abilities, Weirdness & Mutations

You reflexively headbutt those who attack you in melee.
You have a pair of horns on your head.


Message History

You kill the ice beast!
The ice beast hits you but does no damage.
The ice statue gestures.
The ice beast closely misses you. The ice beast hits you.
* * * LOW HITPOINT WARNING * * *
The ice beast freezes you. You resist.
* * * LOW HITPOINT WARNING * * *
Unknown command.
You slash the ice statue!
The ice statue is heavily damaged.
You hit the ice beast but do no damage. You hit the ice beast.
Lightning courses through the ice beast!
You kill the ice beast!
You hit the white ugly thing.
Lightning courses through the white ugly thing!
You hit the ice beast. You hit the ice beast but do no damage.
The white ugly thing tail-slaps you!
* * * LOW HITPOINT WARNING * * *
The white ugly thing freezes you! You resist.
You die...

#######
##.....##
##...∩...##
##.........##
#.....©.....#
#.........3.#
#......uY...##
#........@....#
#....8..Y8Y...#
#......$......#
##....|.?....##
#...8.=.8...#
##...)©)...##
###########


You could see 2 ice statues, a white ugly thing, 3 ice beasts and a friendly
ynoxinul (summoned).

Vanquished Creatures
  4 two-headed ogres
  3 ugly things
  Joseph (D:8)
  A kobold demonologist (D:11)
  2 trolls
  Prince Ribbit (D:8)
  2 hippogriffs
  A spriggan (D:7)
  A wyvern (D:8)
  4 vampire mosquitoes (D:11)
  5 yaks (D:11)
  Edmund (D:4)
  Duvessa (D:4)
  5 orc warriors
  A swamp drake (D:9)
  3 sky beasts
  3 black bears
  10 ice beasts
  6 ogres
  3 phantoms
  10 centaurs
  4 big kobolds
  Blork the orc (D:5)
  2 elf zombies (Ossuary)
  A gnoll sergeant (D:8)
  13 bullfrogs
  Dowan (D:4)
  A wyvern skeleton (D:11)
  2 scorpions
  4 wights (D:11)
  5 howler monkeys
  2 crimson imps
  3 human zombies (Ossuary)
  16 orc priests
  Crazy Yiuf (D:4)
  2 bullfrog skeletons
  4 jellies
  2 centaur skeletons
  4 hounds
  19 orc wizards
  4 iguanas
  10 worker ants
  A killer bee zombie (D:8)
  2 big kobold zombies (Ossuary)
  2 hound zombies
  2 hound skeletons (D:4)
  2 mummies (Ossuary)
  A worker ant zombie (D:11)
  10 gnolls
  11 adders
  4 shadow imps
  2 oozes
  4 worms
  2 dart slugs
  A leopard gecko (D:8)
  55 orcs
  4 ball pythons
  4 giant cockroaches
  7 hobgoblins
  7 jackals
  3 quokkas
  6 bats
  9 frilled lizards
  7 goblins
  A goblin zombie (Ossuary)
  9 hobgoblin zombies (Ossuary)
  2 jackal zombies (Ossuary)
  26 kobolds
  7 kobold zombies (Ossuary)
  A leopard gecko skeleton (D:4)
  10 orc zombies (Ossuary)
  2 quokka skeletons
  5 rats
  A rat zombie (Ossuary)
  2 bushes (D:4)
381 creatures vanquished.

Vanquished Creatures (others)
  An orc (D:9)
1 creature vanquished.

Grand Total: 382 creatures vanquished

Notes
Turn   | Place    | Note
-------+----------+-------------------------------------------
     0 | D:1      | gruber the Minotaur Gladiator began the quest for the Orb.
     0 | D:1      | Reached XP level 1. HP: 18/18 MP: 0/0
   208 | D:1      | Reached XP level 2. HP: 24/26 MP: 1/1
  1079 | D:2      | Reached XP level 3. HP: 33/33 MP: 2/2
  1298 | D:2      | Reached skill level 5 in Fighting
  1646 | D:2      | Found a basalt altar of Yredelemnul.
  1652 | D:2      | Reached XP level 4. HP: 39/42 MP: 3/3
  2312 | D:3      | Found a shadowy altar of Dithmenos.
  2477 | D:3      | Reached XP level 5. HP: 51/51 MP: 4/4
  2816 | D:3      | Reached XP level 6. HP: 49/61 MP: 5/5
  3337 | D:4      | Reached skill level 1 in Armour
  3342 | D:4      | Reached skill level 2 in Armour
  3362 | D:4      | Reached skill level 3 in Armour
  3581 | D:4      | Found a transporter.
  3584 | D:4      | Found a shimmering altar of Xom.
  3634 | D:4      | Reached XP level 7. HP: 69/69 MP: 6/6
  3637 | D:4      | Reached skill level 4 in Armour
  3639 | D:4      | Found a shattered altar of Ashenzari.
  3944 | D:4      | Found a sparkling altar of Nemelex Xobeh.
  3954 | D:4      | Reached skill level 5 in Armour
  4063 | D:4      | Noticed Duvessa
  4064 | D:4      | Noticed Dowan
  4071 | D:4      | Killed Duvessa
  4073 | D:4      | Reached skill level 6 in Armour
  4080 | D:4      | Killed Dowan
  4255 | D:4      | Found a bloodstained altar of Trog.
  4276 | D:4      | Found a transporter.
  4379 | D:4      | Reached skill level 1 in Short Blades
  4379 | D:4      | Reached skill level 7 in Armour
  4384 | D:4      | Got a warped hand axe
  4388 | D:4      | Identified the cursed +1 hand axe of Pestilence {elec,
                  | +Fly} (You found it on level 4 of the Dungeon)
  4473 | D:4      | Noticed Edmund
  4480 | D:4      | Killed Edmund
  4480 | D:4      | Reached XP level 8. HP: 67/75 MP: 7/7
  4707 | D:4      | Found a runed translucent door.
  4708 | D:4      | Noticed Crazy Yiuf
  4906 | D:4      | Killed Crazy Yiuf
  4969 | D:5      | Entered Level 5 of the Dungeon
  5174 | D:5      | Reached skill level 8 in Armour
  5253 | D:5      | Reached skill level 9 in Armour
  5339 | D:5      | Noticed Blork the orc
  5347 | D:5      | Killed Blork the orc
  5492 | D:5      | Found a bloodstained altar of Trog.
  5919 | D:6      | Found a sand-covered staircase.
  5926 | Ossuary  | Entered an ossuary
  6030 | Ossuary  | Reached skill level 10 in Armour
  6216 | D:6      | Reached skill level 11 in Armour
  6216 | D:6      | Reached XP level 9. HP: 82/82 MP: 8/8
  6259 | D:6      | Found Tanunkuth's Magic Scroll Shoppe.
  6264 | D:6      | Bought a scroll of teleportation for 33 gold pieces
  6264 | D:6      | Bought a scroll of identify for 22 gold pieces
  6331 | D:6      | Reached skill level 5 in Dodging
  6810 | D:6      | Found a staircase to the Ecumenical Temple.
  6919 | Temple   | Entered the Ecumenical Temple
  7046 | Temple   | Became a worshipper of Makhleb the Destroyer
  7270 | D:7      | Reached * piety under Makhleb
  7277 | D:7      | Found a stormy altar of Qazlal.
  7459 | D:7      | Reached XP level 10. HP: 87/89 MP: 9/9
  7797 | D:7      | Reached skill level 10 in Dodging
  8184 | D:8      | Reached ** piety under Makhleb
  8187 | D:8      | Reached skill level 1 in Polearms
  8340 | D:8      | Noticed Prince Ribbit
  8350 | D:8      | Killed Prince Ribbit
  8598 | D:8      | Reached skill level 5 in Polearms
  8816 | D:9      | Noticed Joseph
  8816 | D:9      | Noticed a two-headed ogre
  8825 | D:8      | Killed Joseph
  8839 | D:8      | Killed a two-headed ogre
  8839 | D:8      | Reached skill level 10 in Fighting
  9067 | D:9      | Found a staircase to the Orcish Mines.
  9551 | D:9      | Found Tyhoson's Antique Weapon Shoppe.
  9870 | D:10     | Entered Level 10 of the Dungeon
  9945 | D:10     | Reached XP level 11. HP: 104/104 MP: 10/10
 10103 | D:10     | Reached *** piety under Makhleb
 10202 | D:10     | Noticed a two-headed ogre
 10216 | D:10     | Killed a two-headed ogre
 10487 | D:11     | Reached skill level 12 in Armour
 10562 | D:11     | Noticed a red ugly thing
 10582 | D:11     | Killed a red ugly thing
 10672 | D:11     | Reached skill level 13 in Armour
 10721 | D:11     | Noticed a purple ugly thing
 10733 | D:11     | Killed a purple ugly thing
 10753 | D:11     | Reached **** piety under Makhleb
 10800 | D:11     | Noticed a two-headed ogre
 10810 | D:11     | Killed a two-headed ogre
 10812 | D:11     | Noticed a two-headed ogre
 10835 | D:11     | Reached skill level 14 in Armour
 10845 | D:11     | Killed a two-headed ogre
 10990 | D:11     | Found a staircase to the Lair.
 11472 | D:12     | Found a frozen archway.
 11496 | IceCv    | Entered an ice cave
 11496 | IceCv    | Noticed a white ugly thing
 11511 | IceCv    | Reached skill level 15 in Armour
 11530 | IceCv    | Killed a white ugly thing
 11560 | IceCv    | Found a transporter.
 11578 | IceCv    | Noticed a white ugly thing
 11579 | IceCv    | Found a transporter.
 11595 | IceCv    | HP: 5/104 [white ugly thing (15)]
 11595 | IceCv    | Mangled by a white ugly thing

Illustrated notes

Levels and vault maps discovered:
D:1:      heliophobic_arrival_battle_scene, layout_loops_ring, kennysheep_boxes
D:2:      layout_basic, nicolae_overflow_crystal_walls
D:3:      layout_basic, nicolae_dithmenos_through_a_glass_darkly
D:4:      layout_basic, gammafunk_temple_overflow_arena,
          evilmike_ruin_ashenzari, kennysheep_mini_moat,
          nemelex_xobeh_ov_fountains_minmay, portal_sewer_entry_e, first_ration,
          serial_forest, infiniplex_forest_end_2, infiniplex_forest_lined_2,
          infiniplex_forest_clump_tiny, infiniplex_forest_straight_2,
          infiniplex_forest_end_2, infiniplex_forest_straight_3, uniq_edmund,
          uniq_crazy_yiuf_cottage, uniq_duvessa
D:5:      layout_basic, trog_three_pillars_becter, uniq_blork_the_orc
D:6:      layout_rooms, minmay_temple_entry_statues_pillars, serial_shops,
          nicolae_shop_stone, lightli_ossuary_entry_decrepit_ruins
D:7:      layout_loops_ring, lemuel_coloured_pillars_altar,
          grunt_decor_one_mirror, the_bakery
D:8:      layout_gridville, uniq_prince_ribbit1
D:9:      layout_rooms, erik_orc_1, serial_shops, nicolae_shop_statue_plus,
          uniq_joseph
D:10:     layout_small_grid
D:11:     layout_loops_ring, lair_entry_dummy
D:12:     layout_rooms, portal_ice_cave_entry_pillars_1
Temple:   eino_temple_rhombus
IceCv:    ice_cave_statue_garden_transporter

Skill      XL: |  1  2  3  4  5  6  7  8  9 10 11 |
---------------+----------------------------------+-----
Fighting       | 3 4 5 6 7 8 12 | 12.0
Armour         | 3 7 11 15 | 15.2
Short Blades   | 2 |  2.1
Dodging        | 9 10 | 10.0
Polearms       | 5 |  5.1
Staves         | |  3.6
Throwing       | |  2.0

Action                   |  1- 3 |  4- 6 |  7- 9 | 10-12 || total
-------------------------+-------+-------+-------+-------++-------
Melee: Quarterstaff      |    73 |    62 |       |       ||   135
       Headbutt          |     6 |    14 |   107 |   100 ||   227
       Halberd           |       |    22 |       |       ||    22
       Hand axe          |       |    23 |    25 |     4 ||    52
       Rapier            |       |       |   425 |   126 ||   551
       Spear             |       |       |       |   424 ||   424
Invok: Lesser Servant of |       |       |       |     1 ||     1
  Use: Scroll            |       |       |     6 |       ||     6
       Potion            |       |       |       |     2 ||     2
 Stab: Sleeping          |     3 |       |       |       ||     3
       Distracted        |       |       |     1 |       ||     1
  Eat: Chunk             |     2 |     7 |     9 |    13 ||    31
       Ration            |       |       |     1 |       ||     1
Armor: Leather armour    |    22 |    12 |   137 |   155 ||   326
Dodge: Dodged            |    42 |    71 |   282 |   397 ||   792
